 Dungeon Crawl Stone Soup version 0.28.0-49-g6dfe1f597d (webtiles) character file.

Game seed: 11941892511253734917

1243 Jerry the Chucker (level 8, -1/70 HPs)
             Began as a Troll Hunter on May 18, 2022.
             Was an Elder of Fedhas.
             Slain by a sky beast (4 damage)
             ... on level 5 of the Dungeon.
             The game lasted 00:16:36 (4574 turns).

Jerry the Chucker (Troll Hunter)                    Turns: 4574, Time: 00:16:38

Health: -1/70      AC:  5    Str: 21    XL:     8   Next: 25%
Magic:  9/9        EV: 15    Int:  7    God:    Fedhas [****..]
Gold:   231        SH:  0    Dex: 12    Spells: 7/7 levels left

rFire   . . .      SeeInvis .   n - +2 whip (drain)
rCold   . . .      Faith    .   (no shield)
rNeg    . . .      Spirit   .   b - +1 robe
rPois   +          Reflect  .   (helmet restricted)
rElec   .          Harm     .   (no cloak)
rCorr   .          Rampage  .   (gloves unavailable)
Will    .....                   (boots unavailable)
Stlth   +.........              (no amulet)
HPRegen 1.01/turn               m - +4 ring of evasion
MPRegen 0.11/turn               k - ring of poison resistance

@: no status effects
A: large, unfitting armour, claws 3, regeneration 1, shaggy fur 1, tough skin 1
a: Renounce Religion, Wall of Briars, Grow Ballistomycete, Overgrow


You were on level 5 of the Dungeon.
You worshipped Fedhas.
Fedhas was greatly pleased with you.
You visited 1 branch of the dungeon, and saw 6 of its levels.

You collected 231 gold pieces.

Inventory:

Hand Weapons
 n - a +2 whip of draining (weapon)
 t - a +0 giant spiked club
Missiles
 d - 2 throwing nets (quivered)
Armour
 b - a +1 robe (worn)
Jewellery
 f - a ring of positive energy
 k - a ring of poison resistance (right claw)
 m - a +4 ring of evasion (left claw)
Wands
 r - a wand of iceblast (10)
Scrolls
 a - 6 scrolls of identify
 e - 2 scrolls of teleportation
 g - a scroll of immolation {unknown}
 o - a scroll of vulnerability {unknown}
 p - a scroll of fog
 u - a scroll of magic mapping {unknown}
Potions
 h - 2 potions of degeneration {unknown}
 i - a potion of might {unknown}
 j - a potion of brilliance {unknown}
 l - a potion of curing {unknown}
 q - a potion of heal wounds {unknown}
 s - a potion of flight {unknown}


   Skills:
 - Level 1.5 Fighting
 + Level 4.3 Maces & Flails
 + Level 5.9 Throwing
 + Level 4.5 Dodging
 - Level 0.3 Stealth
 + Level 3.8 Invocations


You had 7 spell levels left.
You didn't know any spells.
Your spell library contained the following spells:

 Spells                   Type           Power      Damage    Failure   Level
 Foxfire                  Conj/Fire      0%         2x1d4     43%         1
 Conjure Flame            Conj/Fire      0%         6-21      80%         3
 Gell's Gravitas          Tloc           0%         N/A       80%         3
 Inner Flame              Hex/Fire       0%         N/A       80%         3
 Teleport Other           Tloc           0%         N/A       80%         3
 Cause Fear               Hex            0%         N/A       99%         4
 Flame Wave               Conj/Fire      0%         2d4       99%         4
 Dispersal                Tloc           0%         N/A       100%        6
 Discord                  Hex            0%         N/A       100%        8


Dungeon Overview and Level Annotations

Branches:
Dungeon (6/15)             Temple (0/1) D:4

Altars:
Cheibriados
Elyvilon
Fedhas
Nemelex Xobeh
Okawaru
Vehumet

Annotations:
D:6 Maggie


Innate Abilities, Weirdness & Mutations

You are too large for most types of armour.
You have claws for hands.
Your natural rate of healing is unusually fast.
You are covered in fur. (AC +1)
You have tough skin. (AC +1)


Message History

You miss something.
The sky beast hits you but does no damage.
Something hits you. Something shocks you.
You miss something. The sky beast barely misses you. Something hits you.
Something shocks you.
You miss something.
The sky beast hits you but does no damage.
Something hits you but does no damage.
You miss something.
The sky beast hits you but does no damage.
Something completely misses you.
You miss something. The sky beast hits you. The sky beast shocks you.
* * * LOW HITPOINT WARNING * * *
Something hits you but does no damage.
You closely miss something. The sky beast closely misses you.
You closely miss something. Something hits you but does no damage.
You closely miss something. The sky beast barely misses you.
Something hits you. Something shocks you.
* * * LOW HITPOINT WARNING * * *
You hit something. The sky beast barely misses you. Something hits you.
* * * LOW HITPOINT WARNING * * *
Something shocks you.
* * * LOW HITPOINT WARNING * * *
You hit something but do no damage. The sky beast hits you.
* * * LOW HITPOINT WARNING * * *
The sky beast shocks you.
* * * LOW HITPOINT WARNING * * *
Something hits you but does no damage.
You closely miss something. The sky beast closely misses you.
Something hits you.
* * * LOW HITPOINT WARNING * * *
Something shocks you.
* * * LOW HITPOINT WARNING * * *
You hit the sky beast but do no damage.
The sky beast is severely wounded.
The sky beast hits you.
* * * LOW HITPOINT WARNING * * *
The sky beast shocks you.
You die...
Fedhas appreciates your contribution to the ecosystem.

#.###........#...^..##.#####.###.
._..'...####.#...#####.# #.....
#####.#......#.........# ######
### #........#.........#
#####........#.........#
.............#...####..#
#.#.########.#...# #..# #.#.#
#.#.Y{# #..########## ..#.#
#.#.#@# #............ ###.#
#.#.### #...######### ....#
#.#.######...# #
############.#..........#########
.................................
############.####################
.............# #................
############## #.###############
# ########.#


You could see a sky beast (drained).

Vanquished Creatures
  A water moccasin (D:3)
  A black bear (D:5)
  2 ogres (D:5)
  A bullfrog (D:5)
  A scorpion (D:5)
  A water moccasin skeleton (D:5)
  2 bullfrog zombies (D:5)
  A hound (D:5)
  3 jellies
  2 orc priests (D:4)
  Jessica (D:2)
  Terence (D:3)
  4 orc wizards
  4 iguanas
  A hound skeleton (D:4)
  Robin (D:2)
  3 adders
  2 ufetubi
  An adder skeleton (D:4)
  A worm (D:2)
  3 dart slugs
  15 orcs
  5 ball pythons
  5 endoplasms
  A giant cockroach (D:4)
  16 goblins
  11 hobgoblins
  4 jackals (D:3)
  5 quokkas
  6 bats
  A frilled lizard (D:2)
  6 kobolds
  8 rats
120 creatures vanquished.

Vanquished Creatures (others)
  An orc priest (D:4)
1 creature vanquished.

Grand Total: 121 creatures vanquished

Notes
Turn   | Place    | Note
-------+----------+-------------------------------------------
     0 | D:1      | Jerry the Troll Hunter began the quest for the Orb.
     0 | D:1      | Reached XP level 1. HP: 19/19 MP: 0/0
   306 | D:1      | Found a faded altar of an unknown god.
   325 | D:1      | Reached XP level 2. HP: 27/27 MP: 1/1
   340 | D:1      | Prayed at the altar of an unknown god.
   340 | D:1      | Became a worshipper of Fedhas Madash
   340 | D:1      | Reached * piety under Fedhas
   969 | D:2      | Noticed Robin
   998 | D:2      | Noticed Jessica
   999 | D:2      | Killed Jessica
  1000 | D:2      | Reached skill level 1 in Maces & Flails
  1000 | D:2      | Reached skill level 4 in Throwing
  1000 | D:2      | Reached XP level 3. HP: 33/33 MP: 2/2
  1273 | D:2      | Reached ** piety under Fedhas
  1287 | D:2      | Reached XP level 4. HP: 14/41 MP: 3/3
  1399 | D:2      | Killed Robin
  1858 | D:3      | Noticed a water moccasin
  2074 | D:3      | Noticed Terence
  2096 | D:3      | Killed Terence
  2097 | D:3      | Reached XP level 5. HP: 16/48 MP: 4/4
  2192 | D:3      | Killed a water moccasin
  2193 | D:3      | Reached skill level 1 in Invocations
  2278 | D:3      | Reached XP level 6. HP: 55/55 MP: 6/6
  2285 | D:3      | Found a snail-covered altar of Cheibriados.
  2291 | D:3      | Found a radiant altar of Vehumet.
  2492 | D:4      | Found an iron altar of Okawaru.
  2507 | D:4      | Found a sparkling altar of Nemelex Xobeh.
  2556 | D:4      | Reached *** piety under Fedhas
  2931 | D:4      | Found a staircase to the Ecumenical Temple.
  3248 | D:4      | Reached skill level 5 in Throwing
  3441 | D:4      | Reached XP level 7. HP: 46/62 MP: 7/7
  3563 | D:5      | Entered Level 5 of the Dungeon
  3825 | D:5      | Found a white marble altar of Elyvilon.
  3913 | D:5      | Reached XP level 8. HP: 70/70 MP: 9/9
  4478 | D:6      | Reached **** piety under Fedhas
  4490 | D:6      | Noticed Maggie
  4574 | D:5      | HP: 3/70 [sky beast (2)]
  4574 | D:5      | Slain by a sky beast

Illustrated notes

Levels and vault maps discovered:
D:1:      saegor_arrival_fortress, layout_loops_ring,
          hellmonk_ecumenical_altar_zigzags, minmay_misc_feat_chi
D:2:      layout_loops_ring, uniq_robin, uniq_jessica
D:3:      layout_rooms, kennysheep_slug_shrine, mainiacjoe_overflow_chevrons,
          uniq_terence
D:4:      layout_cave_pods, mainiacjoe_overflow_24_doors, okawaru_trees_1,
          temple_statues
D:5:      cheibrodos_helix_gallery, layout_basic, lemuel_doored_altar
D:6:      layout_basic, uniq_maggie

Skill      XL: |  1  2  3  4  5  6  7 |
---------------+----------------------+-----
Dodging        | 2 3 4 |  4.5
Maces & Flails | 1 2 3 4 |  4.3
Throwing       | 4 5 |  5.9
Invocations    | 1 2 3 |  3.8
Fighting       | |  1.5
Stealth        | |  0.3

Action                   |  1- 3 |  4- 6 |  7- 9 || total
-------------------------+-------+-------+-------++-------
Melee: Whip              |   106 |   274 |   172 ||   552
       Short sword       |    12 |       |       ||    12
       Punch             |     1 |     5 |     3 ||     9
Throw: Large rock        |     1 |     2 |     5 ||     8
  Use: Scroll            |       |     6 |       ||     6
       Potion            |       |     1 |       ||     1
 Stab: Sleeping          |     1 |     2 |     2 ||     5
Armor: Robe              |    35 |    73 |    45 ||   153
Dodge: Dodged            |    59 |   180 |   116 ||   355
